 Dungeon Crawl Stone Soup version 0.30.1-11-g7821555f0a (webtiles) character file.

Game seed: 12335408196498009204

63079 Peloso the Fencer (level 14, 0/136 HPs)
             Began as a Minotaur Fighter on Dec 18, 2023.
             Was a High Priest of Okawaru.
             Constricted to death by Jorgrun (12 damage)
             ... on level 13 of the Dungeon.
             The game lasted 00:43:38 (19496 turns).

Peloso the Fencer (Minotaur Fighter)               Turns: 19496, Time: 00:43:39

Health: 0/136      AC: 20    Str: 19    XL:     14   Next: 66%
Magic:  15/15      EV: 12    Int:  5    God:    Okawaru [*****.]
Gold:   2152       SH:  0    Dex: 14    Spells: 13/13 levels left

rFire   + + .        a - +1 long sword of the Asp {drain, +Blink rN+++ rCorr Str-3}
rCold   + . .        (no shield)
rNeg    + + +        y - +2 plate armour {rF+}
rPois   .            V - +1 hat {SInv}
rElec   .            h - scarf {rC+ rF+}
rCorr   +            (no gloves)
SInv    +            (no boots)
Will    +....        w - amulet of regeneration Stlth
                     o - +5 ring of evasion
HPRegen 1.22/turn    i - +4 ring of slaying
MPRegen 0.14/turn

%: no passive effects
@: mighty, grasped by roots, constricted
A: horns 2, retaliatory headbutt
a: Renounce Religion, Evoke Blink, Heroism, Finesse, Duel


You were on level 13 of the Dungeon.
You worshipped Okawaru.
Okawaru was extremely pleased with you.
You visited 4 branches of the dungeon, and saw 20 of its levels.
You also visited: Volcano.

You collected 2152 gold pieces.

Inventory:

Hand Weapons
 a - the +1 long sword of the Asp (weapon) {drain, +Blink rN+++ rCorr Str-3}
   (You found it on level 10 of the Dungeon)

   Str:       It affects your strength (-3).
   rN:        It renders you almost immune to negative energy.
   +Blink:    It lets you blink.
   rCorr:     It protects you from acid and corrosion.
 b - a +2 trident of flaming
 c - a +0 long sword
Missiles
 q - a throwing net (quivered)
Armour
 d - a +0 buckler
 h - a scarf of resistance (worn)
 l - the +6 chain mail of the Sea {+Blink rElec Will+++ Str-4}
   (You found it on level 2 of the Dungeon)

   Str:       It affects your strength (-4).
   rElec:     It insulates you from electricity.
   +Blink:    It lets you blink.
   Will:      It greatly increases your willpower.
 u - a +1 chain mail of poison resistance
 y - a +2 plate armour of fire resistance (worn)
 V - a +1 hat of see invisible (worn)
Jewellery
 i - a +4 ring of slaying (right hand)
 o - a +5 ring of evasion (left hand)
 p - a ring of positive energy
 w - an amulet of regeneration (around neck)
 F - a +6 ring of strength
 I - a +5 ring of evasion
 Q - a ring of resist corrosion
 S - a +6 ring of dexterity
 T - an amulet of reflection
Wands
 j - a wand of iceblast (28)
 m - a wand of polymorph (8)
 r - a wand of paralysis (12)
 J - a wand of flame (10)
 U - a wand of mindburst (4)
 X - a wand of acid (2)
Scrolls
 f - 8 scrolls of teleportation
 k - 2 scrolls of poison
 n - 3 scrolls of identify
 v - 2 scrolls of immolation
 B - 2 scrolls of blinking
 C - a scroll of vulnerability {unknown}
 D - 4 scrolls of enchant armour
 G - a scroll of magic mapping {unknown}
 H - a scroll of amnesia
 K - a scroll of butterflies
 L - 3 scrolls of fog
 M - 4 scrolls of enchant weapon
 Y - a scroll of fear {unknown}
 Z - a scroll of brand weapon {unknown}
Potions
 e - 10 potions of curing
 g - 5 potions of might
 s - 2 potions of magic
 t - a potion of heal wounds
 x - 2 potions of brilliance
 z - 8 potions of flight
 A - 2 potions of berserk rage
 E - 4 potions of haste
 N - 3 potions of mutation
 O - 3 potions of cancellation {unknown}
 P - 2 potions of resistance {unknown}
 R - a potion of experience {unknown}
 W - 2 potions of lignification {unknown}


   Skills:
 + Level 15.8 Fighting
 + Level 17.6 Long Blades
 + Level 2.2 Polearms
 + Level 16.5 Armour
 + Level 8.0 Dodging
 + Level 4.0 Stealth
 + Level 7.4 Shields
 + Level 2.9 Invocations
 + Level 1.1 Evocations


You had 13 spell levels left.
You didn't know any spells.
Your spell library contained the following spells:

 Spells                   Type           Power      Damage    Failure   Level
 Apportation              Tloc           0%         N/A       99%         1
 Freeze                   Ice            0%         1d3       99%         1
 Kiss of Death            Conj/Necr      0%         2d5       99%         1
 Necrotise                Necr           0%         1d4       99%         1
 Shock                    Conj/Air       0%         1d3       99%         1
 Slow                     Hex            0%         N/A       99%         1
 Cigotuvi's Dreadful Rot  Necr/Pois/Air  0%         N/A       100%        2
 Lesser Beckoning         Tloc           0%         N/A       100%        2
 Poisonous Vapours        Pois/Air       0%         N/A       100%        2
 Confusing Touch          Hex            0%         N/A       100%        3
 Dazzling Flash           Conj/Hex       0%         N/A       100%        3
 Frozen Ramparts          Ice            0%         1d1       100%        3
 Hailstorm                Conj/Ice       0%         3d3       100%        3
 Ignite Poison            Fire/Tmut/Pois 0%         N/A       100%        3
 Mephitic Cloud           Conj/Pois/Air  0%         N/A       100%        3
 Swiftness                Air            0%         N/A       100%        3
 Volatile Blastmotes      Fire/Tloc      0%         2d10      100%        3
 Airstrike                Air            0%         2d(0-16)  100%        4
 Dispel Undead            Necr           0%         3d6       100%        4
 Ice Form                 Ice/Tmut       0%         N/A       100%        4
 Iskenderun's Mystic Bla  Conj/Tloc      0%         2d3       100%        4
 Passage of Golubria      Tloc           0%         N/A       100%        4
 Freezing Cloud           Conj/Ice/Air   0%         6-21      100%        5
 Silence                  Hex/Air        0%         N/A       100%        5
 Starburst                Conj/Fire      0%         6d3       100%        6
 Lehudib's Crystal Spear  Conj/Erth      0%         10d2      100%        8
 Summon Small Mammal      Summ           Unusable   N/A       N/A         1
 Summon Guardian Golem    Hex/Summ       Unusable   N/A       N/A         3
 Tukima's Dance           Hex            Unusable   N/A       N/A         3
 Simulacrum               Ice/Necr       Unusable   N/A       N/A         6

Dungeon Overview and Level Annotations

Branches:
Dungeon (13/15)            Temple (1/1) D:5            Lair (4/5) D:10
  Swamp (0/4) Lair:2       Spider (0/4) Lair:3          Orc (2/2) D:9
    Elf (0/3) Orc:2       Volcano (visited)
  Slime: Lair:4-5    Vaults: D:13-14

Altars:
Ashenzari
Cheibriados
Dithmenos
Elyvilon
Fedhas
Gozag
Hepliaklqana
Kikubaaqudgha
Nemelex Xobeh
Okawaru
Qazlal
Ru
Sif Muna
Trog
Uskayaw
Vehumet
Wu Jian
Xom
Yredelemnul
Zin
The Shining One

Shops:
D:6 =   D:11 **   Orc:1 (   Orc:2 ::=*

Annotations:
D:5 1 runed translucent door, mursu's ghost, novice DgFi
D:13 Jorgrun
Lair:3 Dig


Innate Abilities, Weirdness & Mutations

You have a pair of horns on your head.
You reflexively headbutt those who attack you in melee.


Message History

Jorgrun hits you with a +0 heavy quarterstaff.
The grasping roots constrict you!
You have turned to stone.
Jorgrun hits you but does no damage. The grasping roots constrict you!
Jorgrun hits you with a +0 heavy quarterstaff.
The grasping roots constrict you!
Jorgrun hits you with a +0 heavy quarterstaff!
The grasping roots constrict you.
Jorgrun hits you with a +0 heavy quarterstaff.
The grasping roots constrict you!
You feel like a meek peon again. Jorgrun casts a spell at you.
You resist with significant effort. The grasping roots constrict you!
You turn to flesh and can move again.
You completely miss Jorgrun. You headbutt Jorgrun!! Your punch misses Jorgrun.
Jorgrun is heavily wounded.
Jorgrun hits you with a +0 heavy quarterstaff!
* * * LOW HITPOINT WARNING * * *
The grasping roots constrict you!
* * * LOW HITPOINT WARNING * * *
Unknown command.
You closely miss Jorgrun. You headbutt Jorgrun!
Jorgrun is heavily wounded.
Unknown command.
You slash Jorgrun! You punch Jorgrun!
Jorgrun is severely wounded.
Jorgrun hits you with a +0 heavy quarterstaff!
* * * LOW HITPOINT WARNING * * *
The grasping roots constrict you!
* * * LOW HITPOINT WARNING * * *
The grasping roots release their grip on you.
You slash Jorgrun! Your headbutt misses Jorgrun.
Jorgrun is almost dead.
Unknown command.
You closely miss Jorgrun. Your headbutt misses Jorgrun.
Jorgrun is almost dead.
Jorgrun points at you and mumbles some strange words.
Roots burst forth from the earth!
The grasping roots grab you! The grasping roots constrict you!
You die...

#...#.#.###.##
# ######.###.##
# #..#.## #
#...## #..##
####..########.
#.............#
#.##......!..#
# #.##@###.##
#.##g# #.##.#
#.##.. #$##.#
#.##.# .> #(#
.#.


You could see Jorgrun (drained).

Vanquished Creatures
  Gastronok (Orc:1)
  An orc warlord (D:9)
  Josephine (D:10)
  3 hydras
  An ice dragon (Lair:2)
  A death knight (D:13)
  5 two-headed ogres
  A centaur warrior (D:13)
  A boulder beetle (D:9)
  5 orc high priests (Orc:2)
  5 death yaks (Lair:3)
  Sonja (D:12)
  A skyshark (Lair:4)
  2 bog bodies (Lair:2)
  5 orc knights
  A manticore (D:12)
  A deep elf pyromancer (D:12)
  2 orc sorcerers
  A salamander (Volcano)
  3 cyclopes
  2 ugly things
  6 black mambas
  Maurice (D:12)
  A torpor snail (Lair:2)
  3 elephants (Lair:3)
  An ice statue (Lair:2)
  3 rime drakes
  5 cane toads
  A freezing wraith (Lair:2)
  2 kobold demonologists (D:9)
  7 komodo dragons
  2 ice devils (Lair:2)
  7 trolls
  A meliai (Lair:3)
  Prince Ribbit (D:7)
  3 polar bears
  2 dream sheep (Lair:2)
  15 blink frogs
  14 slime creatures (D:12)
  A shadow (D:10)
  A vampire (D:10)
  3 basilisks
  29 yaks
  4 wyverns
  4 wraiths
  2 fire bats (Volcano)
  A steam dragon (Lair:2)
  6 vampire mosquitoes
  10 wargs
  A hell hound (Volcano)
  4 swamp worms (Lair:2)
  7 water moccasins
  A black bear (Lair:3)
  39 orc warriors
  2 ice beasts (D:5)
  5 ogres
  22 wolves
  18 centaurs
  A phantom (D:6)
  7 bullfrogs
  4 earth elementals
  3 kobold brigands (D:9)
  A gnoll sergeant (D:8)
  2 scorpions
  4 wights (D:4)
  53 killer bees
  An elephant simulacrum (Lair:2)
  4 howler monkeys
  An electric eel (Lair:2)
  23 orc priests
  A gnoll bouda (D:7)
  3 jellies
  A sleepcap (D:5)
  3 iguanas
  Natasha (thrice) (D:2)
  11 orc wizards
  7 hell rats (Lair:3)
  3 troll simulacra (Lair:2)
  A wolf simulacrum (Lair:2)
  A mummy (D:7)
  14 gnolls
  10 adders
  A naga simulacrum (Lair:2)
  2 shadow imps
  A dart slug (D:4)
  66 orcs
  8 endoplasms
  8 giant cockroaches
  2 goblins
  9 hobgoblins
  5 quokkas
  8 ball pythons
  5 bats
  3 frilled lizards
  11 kobolds
  A kobold zombie (D:7)
  3 orc zombies (D:7)
  10 rats
  A spectral goblin (D:1)
585 creatures vanquished.

Vanquished Creatures (others)
  A wizard (D:4)
1 creature vanquished.

Grand Total: 586 creatures vanquished

Notes
Turn   | Place    | Note
-------+----------+-------------------------------------------
     0 | D:1      | Peloso the Minotaur Fighter began the quest for the Orb.
     0 | D:1      | Reached XP level 1. HP: 19/19 MP: 0/0
   193 | D:1      | Reached skill level 3 in Long Blades
   193 | D:1      | Reached XP level 2. HP: 18/27 MP: 1/1
   266 | D:1      | Found a faded altar of an unknown god.
   505 | D:1      | Reached XP level 3. HP: 32/33 MP: 2/2
  1211 | D:2      | Reached XP level 4. HP: 40/40 MP: 3/3
  1249 | D:2      | Noticed Natasha
  1258 | D:2      | Killed Natasha
  1259 | D:2      | Reached skill level 4 in Long Blades
  1358 | D:2      | Identified the +6 chain mail of the Sea {+Blink rElec
                  | Will+++ Str-4}
  1691 | D:2      | Noticed Natasha
  1703 | D:2      | Killed Natasha
  1704 | D:2      | Reached XP level 5. HP: 34/46 MP: 4/4
  1749 | D:2      | Noticed Natasha
  1758 | D:2      | Killed Natasha
  1759 | D:2      | Reached skill level 5 in Long Blades
  1775 | D:3      | Reached skill level 1 in Dodging
  2491 | D:3      | Found a snail-covered altar of Cheibriados.
  2872 | D:4      | Reached XP level 6. HP: 39/52 MP: 5/5
  2967 | D:4      | Reached skill level 6 in Long Blades
  2967 | D:4      | Reached skill level 5 in Armour
  2975 | D:4      | Noticed an orc warrior
  3064 | D:4      | Killed an orc warrior
  3272 | D:4      | Found a sparkling altar of Nemelex Xobeh.
  3442 | D:4      | Reached skill level 1 in Stealth
  3442 | D:4      | Reached XP level 7. HP: 55/60 MP: 6/6
  3793 | D:4      | Found a bloodstained altar of Trog.
  3796 | D:4      | Noticed a wizard
  3803 | D:4      | Killed a wizard
  3912 | D:4      | Reached skill level 7 in Long Blades
  4035 | D:5      | Entered Level 5 of the Dungeon
  4226 | D:5      | Found a runed translucent door.
  4227 | D:5      | Noticed mursu's ghost (novice DgFi)
  4324 | D:5      | Found a staircase to the Ecumenical Temple.
  4332 | D:5      | Reached skill level 5 in Fighting
  4342 | D:5      | Reached XP level 8. HP: 68/68 MP: 7/7
  4343 | Temple   | Entered the Ecumenical Temple
  4352 | Temple   | Became a worshipper of Warmaster Okawaru
  4504 | D:5      | Reached skill level 8 in Long Blades
  4804 | D:6      | Found a glowing silver altar of Zin.
  4805 | D:6      | Found a hazy altar of Hepliaklqana.
  4806 | D:6      | Found a blossoming altar of Fedhas.
  4889 | D:6      | Found Vukkithu's Jewellery Emporium.
  4929 | D:6      | Reached skill level 9 in Long Blades
  4969 | D:6      | Reached * piety under Okawaru
  5071 | D:6      | Found a white marble altar of Elyvilon.
  5265 | D:6      | Found a glowing golden altar of the Shining One.
  5439 | D:6      | Found a basalt altar of Yredelemnul.
  5442 | D:6      | Noticed a profane servitor
  5457 | D:6      | Noticed an angel
  5530 | D:7      | Reached skill level 5 in Shields
  5547 | D:7      | Found an ornate altar of the Wu Jian Council.
  5864 | D:7      | Reached XP level 9. HP: 75/75 MP: 8/8
  5982 | D:7      | Reached skill level 10 in Long Blades
  6173 | D:7      | Noticed Prince Ribbit
  6190 | D:7      | Killed Prince Ribbit
  6190 | D:7      | Reached ** piety under Okawaru
  7095 | D:8      | Found a shimmering altar of Xom.
  7112 | D:8      | Identified the +9 sling of Disarray {elec, rElec rPois
                  | Dex-4 SInv}
  7337 | D:9      | Noticed a two-headed ogre
  7347 | D:9      | Killed a two-headed ogre
  7348 | D:9      | Reached skill level 11 in Long Blades
  7416 | D:9      | Found a staircase to the Orcish Mines.
  7416 | D:9      | Noticed a troll
  7435 | D:9      | Killed a troll
  7482 | D:9      | Noticed a kobold demonologist
  7482 | D:9      | Noticed a kobold demonologist
  7500 | D:9      | Killed a kobold demonologist
  7501 | D:9      | Reached XP level 10. HP: 86/86 MP: 6/9
  7506 | D:9      | Noticed an orange demon
  7510 | D:9      | Noticed a smoke demon
  7517 | D:9      | Reached *** piety under Okawaru
  7518 | D:9      | Reached skill level 1 in Evocations
  7519 | D:9      | Reached skill level 12 in Long Blades
  7568 | D:9      | Noticed a boulder beetle
  7581 | D:9      | Killed a boulder beetle
  7916 | D:9      | Found a shadowy altar of Dithmenos.
  8042 | D:10     | Entered Level 10 of the Dungeon
  8296 | D:10     | Noticed Josephine
  8316 | D:10     | HP: 1/74 [Josephine/ghostly fireball (20)]
  8322 | D:10     | Killed Josephine
  8323 | D:10     | Reached skill level 10 in Armour
  8328 | D:10     | Reached skill level 13 in Long Blades
  8456 | D:10     | Identified the +1 long sword of the Asp {drain, +Blink
                  | rN+++ rCorr Str-3}
  8484 | D:10     | Reached **** piety under Okawaru
  8534 | D:10     | Noticed a two-headed ogre
  8539 | D:10     | Killed a two-headed ogre
  8540 | D:10     | Reached skill level 1 in Invocations
  8540 | D:10     | Reached XP level 11. HP: 80/95 MP: 10/10
  8540 | D:10     | Found a staircase to the Lair.
  9295 | D:11     | Got Dasmayrgh's Handbook of the Baleful Geodesic
  9380 | D:11     | Found Intikhlyo's Assorted Antiques.
  9462 | D:11     | Found Pycvuckialup's General Store.
  9767 | D:12     | Reached ***** piety under Okawaru
  9790 | D:12     | Noticed Sonja
  9810 | D:12     | Killed Sonja
  9870 | D:12     | Reached skill level 14 in Long Blades
 10006 | D:12     | Found a radiant altar of Vehumet.
 10038 | D:12     | Noticed a purple ugly thing
 10053 | D:12     | Killed a purple ugly thing
 10087 | D:12     | Noticed Maurice
 10117 | D:12     | Killed Maurice
 10608 | D:11     | Reached skill level 10 in Fighting
 10703 | D:11     | Received a gift from Okawaru
 11227 | Lair:1   | Entered Level 1 of the Lair of Beasts
 11246 | Lair:1   | Received a gift from Okawaru
 11350 | Lair:1   | Identified the +0 ring mail "Veazihylle" {Drain Will+
                  | Int+3} (Okawaru gifted it to you on level 1 of the Lair of
                  | Beasts)
 11350 | Lair:1   | Received a gift from Okawaru
 11357 | Lair:1   | Reached XP level 12. HP: 79/107 MP: 12/12
 12203 | Lair:2   | Noticed a five-headed hydra
 12322 | Orc:1    | Entered Level 1 of the Orcish Mines
 12351 | Orc:1    | Found Eticep Kuuwk's Weapon Boutique.
 12356 | Orc:1    | Noticed Gastronok
 12377 | Orc:1    | Killed Gastronok
 12378 | Orc:1    | Reached skill level 15 in Long Blades
 12406 | Orc:1    | Noticed an orc warlord
 12584 | D:9      | Killed an orc warlord
 12585 | D:9      | Reached skill level 5 in Dodging
 12781 | Orc:1    | Noticed a two-headed ogre
 12788 | Orc:1    | Killed a two-headed ogre
 12960 | Orc:1    | Received a gift from Okawaru
 13131 | Orc:2    | Entered Level 2 of the Orcish Mines
 13215 | Orc:2    | Found a staircase to the Elven Halls.
 13449 | Orc:2    | Noticed an orc high priest
 13464 | Orc:2    | Killed an orc high priest
 13477 | Orc:2    | Received a gift from Okawaru
 13523 | Orc:2    | Reached XP level 13. HP: 103/119 MP: 13/13
 13585 | Orc:2    | Found Viklen's Assorted Antiques.
 14065 | Orc:2    | Reached skill level 16 in Long Blades
 14239 | Orc:2    | Found Ohionge's Book Emporium.
 14239 | Orc:2    | Found Atutomas's Book Emporium.
 14240 | Orc:2    | Found Ibbom's Jewellery Shoppe.
 15138 | Lair:2   | Received a gift from Okawaru
 15188 | Lair:2   | Reached skill level 1 in Polearms
 15606 | Lair:2   | Reached skill level 15 in Armour
 15864 | Lair:2   | Reached ****** piety under Okawaru
 16004 | Lair:2   | Received a gift from Okawaru
 16601 | Lair:2   | Found a staircase to the Swamp.
 16795 | Lair:3   | Reached XP level 14. HP: 132/133 MP: 15/15
 16926 | Lair:3   | Reached skill level 17 in Long Blades
 17120 | Lair:3   | Received a gift from Okawaru
 17121 | Lair:3   | Reached skill level 15 in Fighting
 17234 | Lair:3   | You fall into a shaft and drop 1 floor!
 17343 | Lair:4   | Identified a scroll of acquirement
 17431 | Lair:4   | Found a dark tunnel.
 17436 | Volcano  | Entered a volcano
 17718 | Volcano  | Acquired 304 gold pieces
 18374 | Lair:3   | Found a hole to the Spider Nest.
 19467 | D:13     | Noticed Jorgrun
 19496 | D:13     | Constricted to death by Jorgrun

Illustrated notes

Levels and vault maps discovered:
D:1:      dpeg_arrival_simpleton_c, layout_basic,
          dreamdust_ecumenical_altar_drowned_temple
D:2:      layout_loops_cross, uniq_natasha
D:3:      layout_basic, mainiacjoe_overflow_alcove_1
D:4:      layout_gridville, lemuel_tele_altar, trog_wizard,
          nicolae_nh_ransacked_shop
D:5:      layout_basic, minmay_temple_entry_ruins, ebering_ghost_reflecting_pool
D:6:      layout_loops_ring, chequers_temple_overflow_statue_of_worship,
          mainiacjoe_overflow_alcove_4, grunt_temple_overflow_holy_war,
          serial_shops, shop
D:7:      layout_gridville, nicolae_wu_jian_wuxing_cycle, minmay_mini_ossuary,
          uniq_prince_ribbit1
D:8:      layout_basic, tgw_xom
D:9:      layout_roguey, lemuel_coloured_pillars_altar
D:10:     layout_roguey, nicolae_overflow_hidden_temple, lair_entry_dummy,
          nicolae_hexahallways, uniq_josephine
D:11:     minmay_stone_box, layout_basic, serial_shops, shop, shop
D:12:     layout_basic, nicolae_vehumet_radiance, uniq_sonja, uniq_maurice
D:13:     layout_loops_ring, david_vaults_4, roderic_batcave, uniq_jorgrun
Temple:   hellmonk_temple_rainy
Lair:1:   layout_regular_city, grunt_megastairs_4
Lair:2:   dreamdust_isle_of_ice, layout_long_grid,
          nicolae_swamp_entry_splash_gauntlet, grunt_megastairs_1
Lair:3:   wad_woods_minihive, layout_cellular_growth,
          hellmonk_spider_entry_not_the_bees
Lair:4:   layout_long_grid, nicolae_volcano_entry_s_turn
Orc:1:    layout_diamond_mine, serial_shops, nicolae_shop_advertising_works
          [nicolae_subvault_shop_adworks], uniq_gastronok
Orc:2:    st_orc_pillars, layout_caves, basic_altar, mines5_lemuel

Skill      XL: |  1  2  3  4  5  6  7  8  9 10 11 12 13 14 |
---------------+-------------------------------------------+-----
Long Blades    | 3 4 5 6 7 9 11 13 14 15 16 17 | 17.6
Armour         | 4 5 6 7 9 10 12 14 15 16 | 16.5
Fighting       | 4 5 7 8 10 12 14 15 | 15.8
Shields        | 4 5 6 7 |  7.4
Dodging        | 1 2 3 4 5 7 8 |  8.0
Stealth        | 1 2 3 4 |  4.0
Evocations     | 1 |  1.1
Invocations    | 1 2 |  2.9
Polearms       | 2 |  2.2

Action                     |  1- 3 |  4- 6 |  7- 9 | 10-12 | 13-15 || total
---------------------------+-------+-------+-------+-------+-------++-------
  Melee: Long sword        |    95 |   122 |   274 |   666 |   773 ||  1930
         Headbutt          |    14 |    22 |    57 |   185 |   225 ||   503
         Punch             |       |       |       |    12 |    17 ||    29
         Trident           |       |       |       |       |    16 ||    16
 Invoke: Heroism           |       |       |     1 |    13 |     7 ||    21
  Evoke: Wand              |       |     3 |     3 |     1 |       ||     7
    Use: Scroll            |       |       |     6 |     8 |    11 ||    25
         Potion            |       |       |       |     4 |     2 ||     6
   Stab: Paralysed         |       |     9 |       |     4 |       ||    13
 Armour: Scale mail        |    25 |       |       |       |       ||    25
         Chain mail        |    37 |    52 |    46 |   294 |   267 ||   696
         Plate armour      |       |     6 |    61 |       |    93 ||   160
  Dodge: Dodged            |    39 |    45 |   159 |   442 |   690 ||  1375
  Block: Buckler           |    23 |    29 |    75 |    27 |       ||   154
